 Dungeon Crawl Stone Soup version 0.30-a0-726-gd89dcf765f (webtiles) character file.

Game seed: 5140252880008103744

1397 jimonade the Cruncher (level 8, 0/38 HPs)
             Began as a Vine Stalker Gladiator on Jan 29, 2023.
             Was a Follower of Uskayaw.
             Slain by a boulder beetle (20 damage)
             ... on level 6 of the Dungeon.
             The game lasted 00:13:53 (4984 turns).

jimonade the Cruncher (Vine Stalker Gladiator)      Turns: 4984, Time: 00:13:54

Health: 0/38       AC: 14    Str: 17    XL:     8   Next: 69%
Magic:  0/9        EV:  5    Int: 10    God:    Uskayaw [*.....]
Gold:   220        SH:  0    Dex: 16    Spells: 7/7 levels left

rFire   . . .      SeeInvis .    a - +0 quarterstaff (freeze)
rCold   . . .      Faith    .    (shield currently unavailable)
rNeg    . . .      Spirit   +    p - +0 plate armour
rPois   .          Reflect  .    c - +0 helmet
rElec   .          Harm     .    (no cloak)
rCorr   .          Rampage  .    o - +2 pair of gloves
Will    +....                    (no boots) Stlth
                                 (no amulet)
HPRegen 1.06/turn                u - ring of flight
MPRegen 0.11/turn                (no ring)

@: flying, studying Conjurations
A: fangs 3, regeneration 1, magic shield, antimagic bite, no potion heal 2
a: Renounce Religion, Stomp


You were on level 6 of the Dungeon.
You worshipped Uskayaw.
Uskayaw was noncommittal.
You visited 2 branches of the dungeon, and saw 7 of its levels.

You collected 220 gold pieces.

Inventory:

Hand Weapons
 a - a +0 quarterstaff of freezing (weapon)
Missiles
 d - 2 throwing nets (quivered)
 e - a javelin
 x - 2 large rocks
 C - 11 poisoned darts
 F - 4 boomerangs
Armour
 b - a +0 leather armour
 c - a +0 helmet (worn)
 o - a +2 pair of gloves (worn)
 p - a +0 plate armour (worn)
 E - a +1 leather armour of willpower
Jewellery
 u - a ring of flight (left hand)
Wands
 t - a wand of flame (41)
 B - a wand of mindburst (13)
Scrolls
 i - 9 scrolls of identify
 l - a scroll of blinking
 n - 2 scrolls of amnesia
 q - 5 scrolls of teleportation
 v - 3 scrolls of fog
 y - a scroll of fear
 z - 3 scrolls of vulnerability
 D - a scroll of silence
Potions
 f - a potion of magic {unknown}
 g - a potion of degeneration {unknown}
 h - a potion of heal wounds {unknown}
 j - a potion of flight {unknown}
 k - 4 potions of curing
 m - a potion of haste {unknown}
 r - 3 potions of mutation {unknown}
 s - a potion of attraction {unknown}
 w - a potion of brilliance {unknown}
 A - a potion of lignification {unknown}
 G - 2 potions of ambrosia {unknown}


   Skills:
 + Level 1.7 Fighting
 + Level 10.0 Staves
 - Level 1.7 Throwing
 + Level 2.4 Dodging


You had 7 spell levels left.
You didn't know any spells.
Your spell library contained the following spells:

 Spells                   Type           Power      Damage    Failure   Level
 Ensorcelled Hibernation  Hex/Ice        0%         N/A       100%        2
 Passwall                 Tmut/Erth      0%         N/A       100%        2
 Sublimation of Blood     Necr           0%         N/A       100%        2
 Swiftness                Air            0%         N/A       100%        3
 Petrify                  Tmut/Erth      0%         N/A       100%        4
 Alistair's Intoxication  Tmut/Pois      0%         N/A       100%        5
 Borgnjor's Vile Clutch   Necr/Erth      0%         N/A       100%        5
 Irradiate                Conj/Tmut      0%         3d11      100%        5
 Eringya's Noxious Bog    Tmut/Pois      0%         N/A       100%        6


Dungeon Overview and Level Annotations

Branches:
Dungeon (6/15)             Temple (1/1) D:6

Altars:
Ashenzari
Cheibriados
Dithmenos
Elyvilon
Fedhas
Gozag
Hepliaklqana
Kikubaaqudgha
Makhleb
Nemelex Xobeh
Okawaru
Qazlal
Ru
Sif Muna
Trog
Uskayaw
Vehumet
Wu Jian
Xom
Yredelemnul
Zin
The Shining One

Shops:
D:2 *(:(   D:3 !


Innate Abilities, Weirdness & Mutations

You have razor-sharp teeth.
Your natural rate of healing is unusually fast.
When hurt, damage is shared between your health and your magic reserves.
Your bite disrupts and absorbs the magic of your enemies.
Potions cannot restore your health.


Message History

Throw: 12 darts (poison)
Press: ? - help, Q - select action, (/) - cycle Shift-Dir - straight line, f/p - boulder beetle
Aim: a boulder beetle (lightly wounded, rolling, very poisoned, 89% to hit)
You throw a poisoned dart.
The poisoned dart hits the boulder beetle.
The boulder beetle looks even sicker.
The boulder beetle is lightly wounded.
The boulder beetle hits you!!
Ouch! That really hurt!
The boulder beetle stops rolling and uncurls.
The boulder beetle attacks as you move away!
The boulder beetle completely misses you.
The boulder beetle curls into a ball and begins rolling!
Throw: 4 throwing nets
Press: ? - help, Q - select action, (/) - cycle Shift-Dir - straight line, f/p - boulder beetle
Aim: a boulder beetle (lightly wounded, rolling, very poisoned, 89% to hit)
You throw a throwing net.
The throwing net barely misses the boulder beetle.
Throw: 3 throwing nets
Press: ? - help, Q - select action, (/) - cycle Shift-Dir - straight line, f/p - boulder beetle
Aim: a boulder beetle (lightly wounded, rolling, very poisoned, 89% to hit)
You throw a throwing net.
The throwing net hits the boulder beetle.
The boulder beetle is caught in the net!
The boulder beetle is lightly wounded.
The boulder beetle struggles against the net. x2
You catch the helpless boulder beetle completely off-guard!
You hit the boulder beetle but do no damage.
You bite the boulder beetle, but do no damage.
The boulder beetle is lightly wounded.
The boulder beetle struggles against the net.
You strike the helpless boulder beetle from behind!
You hit the boulder beetle but do no damage.
You bite the boulder beetle! You drain its power.
You feel invigorated.
The boulder beetle is moderately wounded.
The boulder beetle struggles against the net.
The net rips apart, and the boulder beetle comes free!
The boulder beetle hits you!!
Ouch! That really hurt!
You die...

# ###.. . #....#.#
#.#.########...#$#.#
#.....@B((...# ....#
##########(..#
....#.
..........###......
#.###..............
#...#.....#...
##.###..>..#
#....#.....#..
#.##..............
#..(......###.....#


You could see a boulder beetle (rolling, very poisoned).

Vanquished Creatures
  Eustachio (D:5)
  Edmund (D:5)
  A black bear (D:5)
  An ogre (D:5)
  2 kobold brigands (D:4)
  2 scorpions (D:4)
  A howler monkey (D:4)
  A hound (D:4)
  2 jellies
  2 orc priests
  3 iguanas
  A gnoll bouda (D:4)
  Ijyb (D:5)
  3 orc wizards (D:5)
  10 gnolls
  11 adders
  An ufetubus (D:5)
  19 orcs
  7 ball pythons
  10 endoplasms
  3 giant cockroaches
  2 goblins
  7 hobgoblins
  6 kobolds
  4 quokkas
  2 bats (D:2)
  5 frilled lizards
  4 rats
113 creatures vanquished.

Notes
Turn   | Place    | Note
-------+----------+-------------------------------------------
     0 | D:1      | jimonade the Vine Stalker Gladiator began the quest for the
                  | Orb.
     0 | D:1      | Reached XP level 1. HP: 11/11 MP: 2/2
   106 | D:1      | Reached skill level 3 in Staves
   310 | D:1      | Reached XP level 2. HP: 15/15 MP: 3/3
   843 | D:2      | Found Cedwigh's Book Emporium.
   905 | D:2      | Reached XP level 3. HP: 11/18 MP: 4/4
  1125 | D:2      | Found Pusevitiz's Weapon Shoppe.
  1168 | D:2      | Found Neufresk's Assorted Antiques.
  1245 | D:2      | Reached skill level 4 in Staves
  1410 | D:2      | Found Vasokij's Antique Weapon Emporium.
  1754 | D:3      | Gained mutation: Your natural rate of healing is unusually
                  | fast. [Vine Stalker growth]
  1754 | D:3      | Reached XP level 4. HP: 23/23 MP: 5/5
  1905 | D:3      | Reached skill level 5 in Staves
  1983 | D:3      | Found an opulent altar of Gozag.
  2064 | D:3      | Reached XP level 5. HP: 26/26 MP: 6/6
  2078 | D:3      | Found Lumnoud's Distillery.
  2339 | D:4      | Reached XP level 6. HP: 30/30 MP: 7/7
  2341 | D:4      | Reached skill level 6 in Staves
  2914 | D:4      | Reached skill level 7 in Staves
  2914 | D:4      | Reached XP level 7. HP: 32/34 MP: 6/8
  3554 | D:5      | Entered Level 5 of the Dungeon
  3578 | D:5      | Reached skill level 8 in Staves
  3660 | D:5      | Gained mutation: You have razor-sharp teeth. [Vine Stalker
                  | growth]
  3660 | D:5      | Reached XP level 8. HP: 32/38 MP: 6/9
  3822 | D:4      | Reached skill level 9 in Staves
  3901 | D:5      | Noticed Eustachio
  4007 | D:5      | Killed Eustachio
  4058 | D:5      | Noticed Edmund
  4126 | D:5      | Noticed Ijyb
  4139 | D:5      | Killed Ijyb
  4239 | D:5      | Killed Edmund
  4240 | D:5      | Reached skill level 10 in Staves
  4417 | D:6      | Found a staircase to the Ecumenical Temple.
  4424 | Temple   | Entered the Ecumenical Temple
  4775 | Temple   | Became a worshipper of Uskayaw the Reveller
  4793 | D:6      | Noticed a boulder beetle
  4804 | D:6      | Reached * piety under Uskayaw
  4984 | D:6      | Slain by a boulder beetle

Illustrated notes

Levels and vault maps discovered:
D:1:      matt_arrival_diagonals, layout_basic, hangedman_decor_riveting,
          minmay_indecisive_spiral
D:2:      layout_basic, serial_shops, nicolae_shop_bloodbath_and_beyond,
          nicolae_shop_advertising_works [nicolae_subvault_shop_adworks], shop,
          shop
D:3:      layout_rooms, mainiacjoe_overflow_alcove_2, serial_shops,
          nicolae_shop_competitors_out_of_business
D:4:      layout_layer_cave, minmay_manual_monstrance
D:5:      layout_basic, uniq_eustachio, uniq_edmund, uniq_ijyb
D:6:      layout_basic, minmay_temple_entry_tees
Temple:   mainiacjoe_temple_circle_huts

Skill      XL: |  1  2  3  4  5  6  7  8 |
---------------+-------------------------+-----
Staves         | 3 4 5 7 8 10 | 10.0
Fighting       | |  1.7
Throwing       | |  1.7
Dodging        | |  2.4

Action                     |  1- 3 |  4- 6 |  7- 9 || total
---------------------------+-------+-------+-------++-------
  Melee: Quarterstaff      |    84 |   151 |   185 ||   420
         Bite              |    16 |    35 |    60 ||   111
  Throw: Dart              |       |       |    12 ||    12
         Throwing net      |       |       |     3 ||     3
    Use: Scroll            |     7 |       |     4 ||    11
         Potion            |       |       |     1 ||     1
   Stab: Held in net/web   |       |       |     2 ||     2
 Armour: Leather armour    |    10 |       |       ||    10
         Plate armour      |    38 |   110 |   100 ||   248
  Dodge: Dodged            |    33 |    42 |    36 ||   111

Table legend: (Time is in decaauts)
 A = Elapsed time spent in this place.
 B = Non-inter-level travel time spent in this place.
 C = Inter-level travel time spent in this place.
 D = Time resting spent in this place.
 E = Time spent auto-exploring this place.
 F = Levels seen in this place.
 G = Mean time per level.
                   A        B        C        D        E       F      G
               +--------+--------+--------+--------+--------+-----+--------+
         Total |   4977 |   4723 |    254 |    261 |   3301 |   7 |  711.0 |
       Dungeon |   4613 |   4403 |    210 |    261 |   3004 |   6 |  768.8 |
        Temple |    363 |    319 |     44 |      0 |    297 |   1 |  363.0 |
               +--------+--------+--------+--------+--------+-----+--------+

Top non-repeatable levels by time:
     D:4: 1473 daAuts
     D:5: 922 daAuts
     D:1: 833 daAuts
     D:2: 788 daAuts
     D:3: 550 daAuts
  Temple: 363 daAuts
     D:6: 46 daAuts
